cohdb
Replays
Latest Replays
All Replays
Popular Replays
Top Player Replays
Match Explorer
How It Works
Community
CoH3 Stats
Reddit
Sign in to upload your games and track your stats! →
Sign in with Steam
Match 44706849
Unlisted
Match 44706849
Overview
Messages
Build Orders
End
Selects Special Operations Battlegroup
Selects M29 Weasel Recon Vehicle
M29 Weasel Recon Vehicle
Construct Weapon Support Center
M1919 Machine Gun Team
M1919 Machine Gun Team
Infantry Support Center
Engineer Squad
M3 Armored Personnel Carrier
Construct Medical Station
M3 Armored Personnel Carrier
Selects Raiding Flares
M1919 Machine Gun Team
Munitions Surplus
Advanced Logistics
Raiding Flares
Engineer Squad
Selects SSF Commando Squad
SSF Commando Squad
SSF Commando Squad
Survival Training
Improved M9 Bazooka Rockets
SSF Commando Squad
M3 Armored Personnel Carrier
Selects Mark Vehicle
Selects M4A1 Sherman Whizbang
M4A1 Sherman Whizbang
M3 Armored Personnel Carrier
*Mule
Ra11
hooveric
retreat_plz
0
0
Comments
sign in to comment!
No comments posted yet!